SR
UNION CITY HILLERS @ GIBTOWN ELEPHANTS
07/16/2033
 
TOP OF THE 1ST
Union City Hillers batting - Pitching for Gibtown Elephants : RHP Patrick Nicolas
Pitching: RHP Patrick Nicolas
Batting: RHB Adam Jensson 0-0: Ball
1-0: Called Strike
1-1: Ball
2-1: Swinging Strike
2-2: Ball
3-2: Ground out 6-3 (Groundball, 6)
Batting: RHB Ken Barger 0-0: Called Strike
0-1: Called Strike
0-2: Fly out, F7 (Flyball, 7)
Batting: LHB Bob Sanders 0-0: Called Strike
0-1: Foul Ball, location: 2F
0-2: Ball
1-2: Ball
2-2: Ball
3-2: Ground out 4-3 (Groundball, 4)
Top of the 1st over - 0 runs, 0 hits, 0 errors, 0 left on base; Union City 0 - Gibtown 0
BOTTOM OF THE 1ST
Gibtown Elephants batting - Pitching for Union City Hillers : RHP Sergio Gómez
Pitching: RHP Sergio Gómez
Batting: RHB Francis Raffone 0-0: Swinging Strike
0-1: Ball
1-1: Ball
2-1: Swinging Strike
2-2: Foul Ball, location: 2F
2-2: Foul Ball, location: 2F
2-2: Ball
3-2: Fly out, F7 (Line Drive, 7D)
Batting: SHB Wren Driscoll 0-0: Bunted foul
0-1: Ball
1-1: Ball
2-1: Called Strike
2-2: Fly out, F9 (Flyball, 9D)
Batting: LHB DeMarvion Overshown 0-0: Foul Ball, location: 2F
0-1: Swinging Strike
0-2: Foul Ball, location: 2F
0-2: Ball
1-2: Foul Ball, location: 2F
1-2: Fly out, F9 (Flyball, 9)
Bottom of the 1st over - 0 runs, 0 hits, 0 errors, 0 left on base; Union City 0 - Gibtown 0
TOP OF THE 2ND
Union City Hillers batting - Pitching for Gibtown Elephants : RHP Patrick Nicolas
Batting: SHB Ezequiel Oacia 0-0: Ball
1-0: Ball
2-0: Ball
3-0: Called Strike
3-1: Foul Ball, location: 2F
3-2: Foul Ball, location: 2F
3-2: Foul Ball, location: 2F
3-2: Foul Ball, location: 2F
3-2: Base on Balls
Batting: SHB Alejandro Arizméndiz 0-0: Called Strike
0-1: Ball
1-1: Fly out, F7 (Flyball, 7S)
Batting: LHB Cesar Baardman 0-0: Ball
1-0: Ball
2-0: Ball
3-0: Swinging Strike
3-1: Foul Ball, location: 2F
3-2: Foul Ball, location: 2F
3-2: Foul Ball, location: 2F
3-2: Strikes out swinging
Batting: RHB Manuel Sy 0-0: Foul Ball, location: 2F
0-1: Ball
1-1: Foul Ball, location: 2F
1-2: Ball
2-2: Fly out, F8 (Flyball, 78D)
Top of the 2nd over - 0 runs, 0 hits, 0 errors, 1 left on base; Union City 0 - Gibtown 0
BOTTOM OF THE 2ND
Gibtown Elephants batting - Pitching for Union City Hillers : RHP Sergio Gómez
Batting: RHB Zi-cheng Sun 0-0: Ball
1-0: Ball
2-0: Called Strike
2-1: Foul Ball, location: 2F
2-2: Ball
3-2: Ground out 6-3 (Groundball, 6)
Batting: RHB Tae-gyoon Ch'oe 0-0: Ball
1-0: Ground out 6-3 (Groundball, 6)
Batting: RHB Arnie Taylor 0-0: Fly out, F6 (Line Drive, 6M)
Bottom of the 2nd over - 0 runs, 0 hits, 0 errors, 0 left on base; Union City 0 - Gibtown 0
TOP OF THE 3RD
Union City Hillers batting - Pitching for Gibtown Elephants : RHP Patrick Nicolas
Batting: RHB Arthur Cook 0-0: Called Strike
0-1: Ball
1-1: Ball
2-1: Ball
3-1: Fly out, F3 (Line Drive, 3)
Pitching: RHP José Rosales
Batting: RHB Steffen Jones 0-0: Called Strike
0-1: Ball
1-1: Foul Ball, location: 2F
1-2: Foul Ball, location: 2F
1-2: Ball
2-2: Strikes out swinging
Batting: RHB Adam Jensson 0-0: Called Strike
0-1: Called Strike
0-2: Fly out, F8 (Flyball, 8LD)
Top of the 3rd over - 0 runs, 0 hits, 0 errors, 0 left on base; Union City 0 - Gibtown 0
BOTTOM OF THE 3RD
Gibtown Elephants batting - Pitching for Union City Hillers : RHP Sergio Gómez
Batting: RHB Tae-wan Park 0-0: Swinging Strike
0-1: Ball
1-1: SOLO HOME RUN (Flyball, 89XD), Distance : 437 ft
Batting: RHB Don Parker 0-0: Called Strike
0-1: Fly out, F4 (Line Drive, 4)
Batting: RHB Emerson O'Drunen 0-0: Called Strike
0-1: SINGLE (Line Drive, 3S)
Batting: RHB Francis Raffone 0-0: SINGLE (Line Drive, 8LS)
Emerson O'Drunen to second
Batting: SHB Wren Driscoll 0-0: SINGLE (Groundball, 34S) (infield hit)
Emerson O'Drunen to third
Francis Raffone to second
Batting: LHB DeMarvion Overshown 0-0: Ball
1-0: Foul Ball, location: 2F
1-1: Ball
2-1: Foul Ball, location: 2F
2-2: Ball
3-2: Grounds into double play, 4-6-3 (Groundball, 4)
Bottom of the 3rd over - 1 run, 4 hits, 0 errors, 2 left on base; Union City 0 - Gibtown 1
TOP OF THE 4TH
Union City Hillers batting - Pitching for Gibtown Elephants : RHP José Rosales
Batting: RHB Ken Barger 0-0: Ground out 5-3 (Groundball, 5)
Batting: LHB Bob Sanders 0-0: Foul Ball, location: 2F
0-1: Ball
1-1: Swinging Strike
1-2: Ball
2-2: SINGLE (Line Drive, 9S)
Batting: SHB Ezequiel Oacia 0-0: Ball
1-0: Called Strike
Bob Sanders steals 2nd base
1-1: Ground out 4-3 (Groundball, 4S)
Bob Sanders to third
Batting: SHB Alejandro Arizméndiz 0-0: Ball
1-0: Called Strike
1-1: Foul Ball, location: 2F
1-2: Ball
2-2: Ground out 4-3 (Groundball, 4)
Top of the 4th over - 0 runs, 1 hit, 0 errors, 1 left on base; Union City 0 - Gibtown 1
BOTTOM OF THE 4TH
Gibtown Elephants batting - Pitching for Union City Hillers : RHP Sergio Gómez
Batting: RHB Zi-cheng Sun 0-0: Ball
1-0: Called Strike
1-1: Ground out 6-3 (Groundball, 6MD)
Batting: RHB Tae-gyoon Ch'oe 0-0: Foul Ball, location: 2F
0-1: Foul Ball, location: 2F
0-2: Ball
1-2: Fly out, F4 (Line Drive, 4M)
Batting: RHB Arnie Taylor 0-0: Called Strike
0-1: SINGLE (Groundball, 6D)
Batting: RHB Tae-wan Park 0-0: Called Strike
Arnie Taylor steals 2nd base
0-1: Ball
1-1: SINGLE (Flyball, 8RS)
Arnie Taylor to third
Runner from 3rd tries for Home, SAFE, throw made home
Batting: RHB Don Parker 0-0: Called Strike
0-1: Swinging Strike
0-2: Hit by Pitch
Tae-wan Park to second
Batting: RHB Emerson O'Drunen 0-0: Ball
1-0: Fielders Choice at 2nd, 6-4 (Groundball, 6)
Bottom of the 4th over - 1 run, 2 hits, 0 errors, 2 left on base; Union City 0 - Gibtown 2
TOP OF THE 5TH
Union City Hillers batting - Pitching for Gibtown Elephants : RHP José Rosales
Batting: LHB Cesar Baardman 0-0: Foul Ball, location: 2F
0-1: Fly out, F8 (Line Drive, 8RM)
Batting: RHB Manuel Sy 0-0: Swinging Strike
0-1: Ball
1-1: Foul Ball, location: 2F
1-2: Ball
2-2: Strikes out swinging
Batting: RHB Arthur Cook 0-0: Called Strike
0-1: Foul Ball, location: 2F
0-2: Ball
1-2: SINGLE (Groundball, 6MD)
Batting: RHB Steffen Jones 0-0: Ball
1-0: Foul Ball, location: 2F
1-1: Ball
2-1: Foul Ball, location: 2F
2-2: Foul Ball, location: 2F
2-2: Strikes out looking
Top of the 5th over - 0 runs, 1 hit, 0 errors, 1 left on base; Union City 0 - Gibtown 2
BOTTOM OF THE 5TH
Gibtown Elephants batting - Pitching for Union City Hillers : RHP Sergio Gómez
Batting: RHB Francis Raffone 0-0: Ball
1-0: Foul Ball, location: 2F
1-1: Ground out 5-3 (Groundball, 56)
Batting: SHB Wren Driscoll 0-0: Swinging Strike
0-1: Ground out 4-3 (Groundball, 4)
Batting: LHB DeMarvion Overshown 0-0: Called Strike
0-1: Foul Ball, location: 2F
0-2: Fly out, F7 (Flyball, 7LMF)
Bottom of the 5th over - 0 runs, 0 hits, 0 errors, 0 left on base; Union City 0 - Gibtown 2
TOP OF THE 6TH
Union City Hillers batting - Pitching for Gibtown Elephants : RHP José Rosales
Batting: RHB Adam Jensson 0-0: Called Strike
0-1: Foul Ball, location: 2F
0-2: Ball
1-2: Ball
2-2: Fly out, F7 (Line Drive, 7LM)
Batting: RHB Ken Barger 0-0: Ball
1-0: Foul Ball, location: 2F
1-1: Ground out 6-3 (Groundball, 6)
Batting: LHB Bob Sanders 0-0: Foul Ball, location: 2F
0-1: Foul Ball, location: 2F
0-2: Strikes out swinging
Top of the 6th over - 0 runs, 0 hits, 0 errors, 0 left on base; Union City 0 - Gibtown 2
BOTTOM OF THE 6TH
Gibtown Elephants batting - Pitching for Union City Hillers : RHP Sergio Gómez
Batting: RHB Zi-cheng Sun 0-0: Ball
1-0: Foul Ball, location: 2F
1-1: Ball
2-1: Ball
3-1: Ground out 5-3 (Groundball, 56)
Batting: RHB Tae-gyoon Ch'oe 0-0: Ball
1-0: Called Strike
1-1: Ball
2-1: Foul Ball, location: 2F
2-2: Foul Ball, location: 2F
2-2: Ball
3-2: Base on Balls
Batting: RHB Arnie Taylor 0-0: Ball
1-0: Called Strike
1-1: Ball
2-1: Foul Ball, location: 2F
2-2: Ball
3-2: Ground out 4-3 (Groundball, 4M)
Tae-gyoon Ch'oe to second
Batting: RHB Tae-wan Park 0-0: Swinging Strike
0-1: Ground out 1-3 (Groundball, 15S)
Bottom of the 6th over - 0 runs, 0 hits, 0 errors, 1 left on base; Union City 0 - Gibtown 2
TOP OF THE 7TH
Union City Hillers batting - Pitching for Gibtown Elephants : RHP José Rosales
Batting: SHB Ezequiel Oacia 0-0: Foul Ball, location: 2F
0-1: Foul Ball, location: 2F
0-2: Ball
1-2: Fly out, F9 (Flyball, 9LDF)
Batting: SHB Alejandro Arizméndiz 0-0: Ball
1-0: Ball
2-0: Ball
3-0: Base on Balls
Pitching: LHP Hedi Charlet
Batting: LHB Cesar Baardman 0-0: Swinging Strike
0-1: Foul Ball, location: 2F
0-2: Ball
1-2: Ball
2-2: Foul Ball, location: 2F
2-2: Ball
3-2: Strikes out swinging
Batting: RHB Manuel Sy 0-0: Called Strike
0-1: Foul Ball, location: 2F
0-2: Foul Ball, location: 2F
0-2: Ball
1-2: Foul Ball, location: 2F
1-2: Strikes out looking
Top of the 7th over - 0 runs, 0 hits, 0 errors, 1 left on base; Union City 0 - Gibtown 2
BOTTOM OF THE 7TH
Gibtown Elephants batting - Pitching for Union City Hillers : RHP Sergio Gómez
Batting: RHB Don Parker 0-0: Called Strike
0-1: Foul Ball, location: 2F
0-2: Ball
1-2: Strikes out swinging
Batting: RHB Emerson O'Drunen 0-0: Ball
1-0: Ball
2-0: Called Strike
2-1: Ground out 1-3 (Groundball, 15)
Batting: RHB Francis Raffone 0-0: Called Strike
0-1: Foul Ball, location: 2F
0-2: Ball
1-2: Ball
2-2: Ball
3-2: SOLO HOME RUN (Flyball, 7D), Distance : 411 ft
Batting: SHB Wren Driscoll 0-0: Called Strike
0-1: Ball
1-1: Ball
2-1: Foul Ball, location: 2F
2-2: Ball
3-2: SINGLE (Groundball, 4MD)
Pitching: RHP Cutter Dylas
Batting: LHB DeMarvion Overshown 0-0: Ball
1-0: Ball
2-0: Ball
3-0: Called Strike
3-1: Swinging Strike
3-2: 2-RUN HOME RUN (Flyball, 9D), Distance : 392 ft
Batting: RHB Zi-cheng Sun 0-0: Ball
1-0: Ground out 3-1 (Groundball, 34S)
Bottom of the 7th over - 3 runs, 3 hits, 0 errors, 0 left on base; Union City 0 - Gibtown 5
TOP OF THE 8TH
Union City Hillers batting - Pitching for Gibtown Elephants : LHP Hedi Charlet
Now in LF: Ramón Fernández
Now in RF: Chad Valentín
Batting: RHB Arthur Cook 0-0: Swinging Strike
0-1: Ball
1-1: Foul Ball, location: 2F
1-2: Foul Ball, location: 2F
1-2: Ground out 5-3 (Groundball, 5)
Batting: RHB Steffen Jones 0-0: SINGLE (Groundball, 6MD)
Batting: RHB Adam Jensson 0-0: Ball
1-0: Foul Ball, location: 2F
1-1: Called Strike
1-2: Foul Ball, location: 2F
1-2: Foul Ball, location: 2F
1-2: Foul Ball, location: 2F
1-2: Grounds into double play, 5-4-3 (Groundball, 5)
Top of the 8th over - 0 runs, 1 hit, 0 errors, 0 left on base; Union City 0 - Gibtown 5
BOTTOM OF THE 8TH
Gibtown Elephants batting - Pitching for Union City Hillers : RHP Cutter Dylas
Batting: RHB Tae-gyoon Ch'oe 0-0: SINGLE (Flyball, 3D)
Batting: RHB Arnie Taylor 0-0: Ball
1-0: Ground out U3 (Groundball, 34S)
Tae-gyoon Ch'oe to second
Batting: RHB Tae-wan Park 0-0: Called Strike
0-1: Foul Ball, location: 2F
0-2: Strikes out swinging
Batting: RHB Don Parker 0-0: Ground out 6-3 (Groundball, 6)
Bottom of the 8th over - 0 runs, 1 hit, 0 errors, 1 left on base; Union City 0 - Gibtown 5
TOP OF THE 9TH
Union City Hillers batting - Pitching for Gibtown Elephants : LHP Hedi Charlet
Batting: RHB Ken Barger 0-0: Ball
1-0: Called Strike
1-1: Ball
2-1: Foul Ball, location: 2F
2-2: Ground out 6-3 (Groundball, 6)
Batting: LHB Bob Sanders 0-0: Ball
1-0: Ball
2-0: Called Strike
2-1: Foul Ball, location: 2F
2-2: Foul Ball, location: 2F
2-2: Ball
3-2: SINGLE (Groundball, 34D)
Batting: SHB Ezequiel Oacia 0-0: Swinging Strike
0-1: Foul Ball, location: 2F
0-2: Ball
1-2: Foul Ball, location: 2F
1-2: Strikes out swinging
Batting: SHB Alejandro Arizméndiz 0-0: Ground out 4-3 (Groundball, 4M)
Top of the 9th over - 0 runs, 1 hit, 0 errors, 1 left on base; Union City 0 - Gibtown 5
Saturday, December 22nd, 2018 - OOTP Baseball 18.8 Build 76